 Dungeon Crawl Stone Soup version bcrawl-1.28.1b (webtiles) character file.

Game seed: 12706144740900700579

120710 Morbidden the Digger (level 6, -5/47 HPs)
             Began as a Demigod Earth Elementalist on Jan 1, 2021.
             Slain by an iguana (13 damage)
             ... on level 4 of the Dungeon.
             The game lasted 00:05:31 (4601 turns).

Morbidden the Digger (Demigod Earth Elementalist)   Turns: 4601, Time: 00:05:31

Health: -5/47      AC:  3    Str: 12    XL:     6   Next: 7%
Magic:  13/13      EV: 13    Int: 23    God:    Demigod [*.....]
Gold:   199        SH:  0    Dex: 19    Spells: 7/11 levels left

rFire    x . .     SeeInvis +   a - +0 hunting sling (flame)
rCold    + . .     Gourm    .   (no shield)
rNeg     . . .     Faith    .   c - +0 robe
rPois    .         Spirit   .   (no helmet)
rElec    .         Reflect  .   q - +0 cloak {MR+}
rCorr    .         Harm     .   (no gloves)
MR       +....                  (no boots)
Stlth    ..........             (no amulet)
HPRegen  0.15/turn              f - ring of Symmetry {SInv Stlth--} (curse)
MPRegen  0.13/turn              p - ring "Vapp" {Ice Dex+2}

@: no status effects
A: high mp 1
a: Temporal Distortion


You were on level 4 of the Dungeon.
You worshipped Demigod.
Demigod was aware of your devotion.
You were very hungry.

You visited 1 branch of the dungeon, and saw 4 of its levels.

You collected 199 gold pieces.

Inventory:

Hand Weapons
 a - a +0 hunting sling of flaming (weapon)
 i - a +1 spear of flaming
Missiles
 b - 56 stones (quivered)
 d - 169 poisoned needles
 o - 329 sling bullets
 v - 38 poisoned tomahawks
Armour
 c - a +0 robe (worn)
 q - a +0 cloak of magic resistance (worn)
 r - a +0 pair of boots
Jewellery
 f - the cursed ring of Symmetry (left hand) {SInv Stlth--}
   (You found it on level 1 of the Dungeon)

   [ring of attention]

   It lets you see invisible.
   It makes you much less stealthy.
   It has a curse placed upon it.
 p - the ring "Vapp" (right hand) {Ice Dex+2}
   (You found it on level 2 of the Dungeon)

   [ring of ice]

   It enhances your ice magic.
   It affects your dexterity (+2).
   It makes you vulnerable to fire.
   It protects you from cold.
Wands
 y - a wand of random effects (9)
Scrolls
 h - 2 scrolls of teleportation
 j - a scroll of fog {unknown}
 k - a scroll of enchant armour {unknown}
 l - a scroll of blinking {unknown}
 m - 2 scrolls of enchant weapon {unknown}
 n - a scroll of remove curse {unknown}
 t - 2 scrolls of amnesia {unknown}
 x - a scroll of identify
Potions
 g - a potion of cancellation {unknown}
 s - 4 potions of curing {unknown}
 u - a potion of degeneration {unknown}
 w - a potion of resistance {unknown}
Comestibles
 e - 4 rations {!d}


   Skills:
 * Level 1.1 Fighting
 + Level 0.2 Polearms
 + Level 0.6 Slings
 * Level 2.5 Dodging
 + Level 2.0 Stealth
 * Level 3.0 Spellcasting
 * Level 1.5 Transmutations
 * Level 3.9 Earth Magic
 * Level 1.1 Poison Magic
 * Level 2.2 Invocations


You had 7 spell levels left.
You knew the following spells:

 Your Spells              Type           Power        Failure   Level  Hunger
a - Sandblast             Erth           ###...       2%          1    None
b - Spider Form           Tmut/Pois      #..          21%         3    ####...

Your spell library contained the following spells:

 Spells                   Type           Power        Failure   Level  Hunger
 Passwall                 Tmut/Erth      ###.....     6%          2    #......
 Magic Dart               Conj           #...         12%         1    None
 Stone Arrow              Conj/Erth      ##....       16%         3    ####...
 Blink                    Tloc           N/A          17%         2    #......
 Call Imp                 Summ           #.....       17%         2    #......
 Mephitic Cloud           Conj/Pois/Air  #.......     30%         3    ####...
 Conjure Flame            Conj/Fire      #.......     34%         3    ####...
 Petrify                  Tmut/Erth      ###.......   36%         4    #####..
 Lee's Rapid Deconstruct  Erth           ###.......   54%         5    ######.


Dungeon Overview and Level Annotations

Branches:
Dungeon (4/12)
 Temple: D:4-7


Innate Abilities, Weirdness & Mutations

You have an increased reservoir of magic. (+10% MP)


Message History

Really attack while wielding your +0 hunting sling of flaming? [Y]es or [N]o only, please.
Really attack while wielding your +0 hunting sling of flaming? [Y]es or [N]o only, please.
Really attack while wielding your +0 hunting sling of flaming? [Y]es or [N]o only, please.
Really attack while wielding your +0 hunting sling of flaming?
Okay, then.
Unknown command.
The bullfrog zombie hits you.
* * * LOW HITPOINT WARNING * * *
An iguana comes into view.
The iguana hisses angrily.
The bullfrog zombie hits you!
* * * LOW HITPOINT WARNING * * *
The bullfrog zombie hits you but does no damage.
There is a stone staircase leading up here.
The bullfrog zombie barely misses you. The iguana bites you!
You die...
Your divinity fades.

#...... ... #.....# ...
#...r.# #. #.### #....##
#.##... #...<# #.##..# ###
##.### ########.##..#
........
##.#......#.##..##.#.....#
...............Z@........
...............l##.#..#.
.......#..............#
.......#......#.#####.#.
.......#................
.......#......#.#####.#.
#....##......#.#
....##..........# ...
#..........#


You could see an iguana and a bullfrog zombie.

Vanquished Creatures
  2 hounds
  3 orc wizards (D:3)
  A killer bee zombie (D:3)
  A gnoll (D:2)
  5 adders
  An ooze (D:3)
  A worm (D:3)
  2 dart slugs
  A leopard gecko (D:2)
  6 orcs
  3 bats
  2 giant cockroaches (D:1)
  3 goblins
  6 hobgoblins
  3 quokkas
  3 ball pythons
  9 kobolds
  A quokka zombie (D:3)
  4 rats
57 creatures vanquished.

Notes
Turn   | Place    | Note
-------+----------+-------------------------------------------
     0 | D:1      | Morbidden the Demigod Earth Elementalist began the quest
                  | for the Orb.
     0 | D:1      | Reached XP level 1. HP: 14/14 MP: 5/5
   311 | D:1      | Reached XP level 2. HP: 20/20 MP: 7/7
   482 | D:1      | Got a flickering steel ring
   483 | D:1      | Identified the cursed ring of Symmetry {SInv Stlth--} (You
                  | found it on level 1 of the Dungeon)
  1040 | D:2      | Reached skill level 1 in Invocations
  1418 | D:2      | Reached XP level 3. HP: 27/27 MP: 3/8
  1494 | D:2      | Got a bound brass ring
  1495 | D:2      | Identified the ring "Vapp" {Ice Dex+2} (You found it on
                  | level 2 of the Dungeon)
  1541 | D:2      | Learned a level 3 spell: Spider Form
  1712 | D:2      | Reached XP level 4. HP: 34/34 MP: 6/10
  1805 | D:2      | Reached * piety under Demigod
  2592 | D:2      | Reached skill level 1 in Transmutations
  3050 | D:3      | Reached XP level 5. HP: 14/39 MP: 8/12
  3704 | D:3      | Reached skill level 1 in Fighting
  3704 | D:3      | Reached skill level 1 in Poison Magic
  3984 | D:3      | Reached XP level 6. HP: 16/47 MP: 5/13
  4601 | D:4      | Slain by an iguana

Skill      XL: |  1  2  3  4  5 |
---------------+----------------+-----
Earth Magic    | 3 |  3.9
Invocations    | 1 2 |  2.2
Dodging        | 2 |  2.5
Spellcasting   | 2 3 |  3.0
Transmutations | 1 |  1.5
Fighting       | 1 |  1.1
Poison Magic   | 1 |  1.1
Polearms       | |  0.2
Slings         | |  0.6
Stealth        | |  2.0

Action                   |  1- 3 |  4- 6 || total
-------------------------+-------+-------++-------
Melee: Unarmed           |     3 |       ||     3
       Short sword       |     2 |       ||     2
       Spear             |    41 |    45 ||    86
 Fire: Hunting sling     |       |    38 ||    38
Throw: Stone             |     1 |       ||     1
 Cast: Sandblast         |    24 |    47 ||    71
  Use: Scroll            |       |     2 ||     2
 Stab: Sleeping          |     2 |       ||     2
  Eat: Chunk             |     4 |    10 ||    14
Armor: Robe              |     9 |    12 ||    21
Dodge: Dodged            |    37 |    59 ||    96
